[ AOE2 MATCH · #507091495 ]
UnrankedBurmese vs Persians
Player's team · WIN
Rival team · LOSS
[ REPLAY ANALYSIS · EXTRACTED FROM THE RECORDED GAME ]
Feudal
12:17
Castle
18:20
Imperial
—
| APM avg | 67.6 |
| APM peak | 117 |
| eAPM avg | 25.6 |
| Villagers / military | 102 / 51 |
Focus
⚔️ 39.5% · 🌾 60.5%
Arambai ×41 · Militia ×4 · Battering Ram ×4 · Monk ×1 · Mangonel ×1
Feudal
8:01
Castle
19:10
Imperial
—
| APM avg | 61.6 |
| APM peak | 111 |
| eAPM avg | 29.3 |
| Villagers / military | 130 / 81 |
Focus
⚔️ 38.3% · 🌾 61.7%
Archer ×79 · Skirmisher ×2
Match map
Initial resources + every placement click. Lines = walls · curves = elevation contours. ◆ gold · ⬟ stone · ● berries · ✦ relic · ◌ wall gap
Your base· ✓ Closed at 18:20 · 64t walls · no gate
koteshii's base· ✓ Closed at 19:10 · 43t walls · 1 gate(s)
Smoothed initial terrain · ◌ = detected wall gap · hover for details
Inputs per minute
— DGHIR | chanchilaru - - koteshii
Build order — DGHIR | chanchilaru
First 150 of 246 actions detected
| 0:00 | Create | Villager (Male) |
| 0:01 | Create | Villager (Male) |
| 0:01 | Create | Villager (Male) |
| 0:01 | Create | Villager (Male) |
| 0:02 | Build | House |
| 0:03 | Build | House |
| 1:31 | Create | Villager (Male) |
| 1:31 | Create | Villager (Male) |
| 1:56 | Create | Villager (Male) |
| 1:56 | Create | Villager (Male) |
| 2:19 | Create | Villager (Male) |
| 2:19 | Create | Villager (Male) |
| 2:23 | Build | Lumber Camp |
| 2:47 | Create | Villager (Male) |
| 2:48 | Create | Villager (Male) |
| 3:08 | Create | Villager (Male) |
| 3:08 | Create | Villager (Male) |
| 3:28 | Create | Villager (Male) |
| 3:28 | Create | Villager (Male) |
| 3:56 | Create | Villager (Male) |
| 3:56 | Create | Villager (Male) |
| 3:57 | Create | Villager (Male) |
| 4:01 | Build | House |
| 4:36 | Build | Barracks |
| 4:46 | Create | Villager (Male) |
| 4:47 | Create | Villager (Male) |
| 4:47 | Create | Villager (Male) |
| 5:11 | Build | House |
| 5:21 | Create | Villager (Male) |
| 5:27 | Create | Militia |
| 5:27 | Create | Militia |
| 5:50 | Build | Palisade Wall |
| 5:50 | Build | Palisade Wall |
| 5:56 | Create | Militia |
| 5:59 | Create | Militia |
| 6:06 | Create | Villager (Male) |
| 6:07 | Create | Villager (Male) |
| 6:13 | Build | Palisade Wall |
| 6:16 | Build | Palisade Wall |
| 6:32 | Build | Mill |
| 6:39 | Create | Villager (Male) |
| 6:39 | Create | Villager (Male) |
| 6:39 | Create | Villager (Male) |
| 6:43 | Build | House |
| 6:52 | Research | Loom |
| 6:52 | Research | Loom |
| 6:53 | Create | Villager (Male) |
| 6:53 | Create | Villager (Male) |
| 7:19 | Build | Farm |
| 7:20 | Create | Villager (Male) |
| 7:24 | Build | Palisade Wall |
| 7:27 | Create | Villager (Male) |
| 8:11 | Create | Villager (Male) |
| 8:13 | Create | Villager (Male) |
| 8:15 | Build | Palisade Wall |
| 8:18 | Build | Palisade Wall |
| 8:36 | Build | Palisade Wall |
| 8:40 | Create | Villager (Male) |
| 9:10 | Create | Villager (Male) |
| 9:14 | Build | Palisade Wall |
| 9:30 | Build | Farm |
| 9:32 | Build | Farm |
| 9:42 | Create | Villager (Male) |
| 10:02 | Research | Feudal Age |
| 10:05 | Build | Palisade Wall |
| 10:32 | Build | Lumber Camp |
| 10:50 | Build | Palisade Wall |
| 11:21 | Build | House |
| 11:24 | Build | House |
| 11:47 | Build | House |
| 11:50 | Build | Mining Camp |
| 11:57 | Build | Mining Camp |
| 12:08 | Create | Villager (Male) |
| 12:17 | Age | Feudal Age |
| 12:21 | Build | House |
| 12:32 | Build | House |
| 12:34 | Create | Villager (Male) |
| 12:34 | Create | Villager (Male) |
| 12:34 | Create | Villager (Male) |
| 12:38 | Build | Palisade Wall |
| 13:07 | Build | Blacksmith |
| 13:08 | Create | Villager (Male) |
| 13:16 | Build | Farm |
| 13:20 | Build | Farm |
| 13:37 | Create | Villager (Male) |
| 13:47 | Create | Villager (Male) |
| 14:09 | Create | Villager (Male) |
| 14:13 | Build | Market |
| 14:24 | Build | House |
| 14:25 | Build | House |
| 14:38 | Build | House |
| 14:52 | Build | Farm |
| 15:04 | Build | House |
| 15:17 | Build | House |
| 15:40 | Research | Castle Age |
| 15:40 | Research | Castle Age |
| 16:54 | Build | House |
| 17:00 | Build | House |
| 17:03 | Build | House |
| 17:16 | Research | Padded Archer Armor |
| 17:17 | Create | Villager (Male) |
| 17:17 | Create | Villager (Male) |
| 17:30 | Build | Stable |
| 17:34 | Build | Market |
| 18:18 | Create | Villager (Male) |
| 18:18 | Create | Villager (Male) |
| 18:20 | Age | Castle Age |
| 18:22 | Build | Castle |
| 18:29 | Build | Farm |
| 18:31 | Build | Farm |
| 18:43 | Build | Farm |
| 18:46 | Research | Bloodlines |
| 18:46 | Research | Bloodlines |
| 18:56 | Build | Farm |
| 19:27 | Create | Arambai |
| 19:27 | Create | Arambai |
| 19:28 | Create | Arambai |
| 19:30 | Create | Villager (Male) |
| 19:38 | Create | Villager (Male) |
| 19:50 | Create | Arambai |
| 19:51 | Create | Villager (Male) |
| 19:54 | Build | House |
| 20:09 | Create | Arambai |
| 20:17 | Create | Villager (Male) |
| 20:22 | Create | Arambai |
| 20:40 | Create | Villager (Male) |
| 20:40 | Create | Villager (Male) |
| 20:47 | Create | Arambai |
| 21:19 | Create | Arambai |
| 21:19 | Create | Arambai |
| 21:20 | Create | Villager (Male) |
| 21:20 | Create | Villager (Male) |
| 21:20 | Create | Villager (Male) |
| 21:30 | Create | Arambai |
| 21:30 | Create | Arambai |
| 21:49 | Build | Monastery |
| 21:56 | Build | Palisade Wall |
| 22:01 | Build | Palisade Gate |
| 22:09 | Create | Arambai |
| 22:14 | Build | Palisade Gate |
| 22:16 | Create | Villager (Male) |
| 22:20 | Create | Villager (Male) |
| 22:20 | Create | Villager (Male) |
| 22:22 | Build | Farm |
| 22:23 | Build | Farm |
| 22:23 | Create | Villager (Male) |
| 22:23 | Create | Villager (Male) |
| 22:30 | Create | Arambai |
| 22:35 | Build | Farm |
| 22:39 | Create | Monk |
Build order — koteshii
First 150 of 329 actions detected
| 0:00 | Create | Villager (Male) |
| 0:01 | Create | Villager (Male) |
| 0:02 | Build | House |
| 0:04 | Build | House |
| 0:13 | Create | Villager (Male) |
| 0:13 | Create | Villager (Male) |
| 0:20 | Create | Villager (Male) |
| 0:20 | Create | Villager (Male) |
| 1:28 | Create | Villager (Male) |
| 1:28 | Create | Villager (Male) |
| 1:28 | Create | Villager (Male) |
| 2:03 | Create | Villager (Male) |
| 2:03 | Create | Villager (Male) |
| 2:05 | Build | Lumber Camp |
| 2:17 | Create | Villager (Male) |
| 2:18 | Create | Villager (Male) |
| 2:48 | Create | Villager (Male) |
| 2:48 | Create | Villager (Male) |
| 3:07 | Create | Villager (Male) |
| 3:25 | Create | Villager (Male) |
| 3:25 | Create | Villager (Male) |
| 3:40 | Build | House |
| 3:41 | Build | House |
| 3:49 | Create | Villager (Male) |
| 3:49 | Create | Villager (Male) |
| 4:41 | Build | Mining Camp |
| 4:50 | Create | Villager (Male) |
| 4:51 | Research | Loom |
| 5:56 | Research | Feudal Age |
| 7:00 | Create | Villager (Male) |
| 7:32 | Build | Barracks |
| 7:38 | Build | Palisade Wall |
| 7:39 | Build | Palisade Wall |
| 7:39 | Build | Palisade Wall |
| 7:39 | Build | Palisade Wall |
| 7:40 | Build | Palisade Wall |
| 7:45 | Build | Palisade Wall |
| 7:45 | Build | Palisade Wall |
| 8:01 | Age | Feudal Age |
| 8:08 | Create | Villager (Male) |
| 8:31 | Build | Archery Range |
| 8:39 | Create | Villager (Male) |
| 8:47 | Research | Double-Bit Axe |
| 8:47 | Research | Double-Bit Axe |
| 9:00 | Build | House |
| 9:01 | Build | Palisade Wall |
| 9:11 | Create | Villager (Male) |
| 9:21 | Create | Villager (Male) |
| 9:41 | Create | Archer |
| 9:51 | Create | Villager (Male) |
| 9:57 | Create | Archer |
| 9:59 | Build | Mill |
| 10:15 | Create | Villager (Male) |
| 10:31 | Create | Archer |
| 10:35 | Build | Blacksmith |
| 10:39 | Create | Villager (Male) |
| 10:56 | Build | House |
| 11:22 | Create | Villager (Male) |
| 11:22 | Create | Archer |
| 11:36 | Build | Farm |
| 11:38 | Build | Farm |
| 11:40 | Build | Farm |
| 11:41 | Build | Farm |
| 11:55 | Create | Villager (Male) |
| 11:56 | Create | Archer |
| 12:15 | Create | Archer |
| 12:17 | Create | Archer |
| 12:23 | Create | Villager (Male) |
| 12:25 | Build | Farm |
| 12:26 | Build | Farm |
| 12:41 | Create | Villager (Male) |
| 12:43 | Build | House |
| 13:01 | Build | Farm |
| 13:05 | Create | Villager (Male) |
| 13:13 | Build | Farm |
| 13:27 | Create | Villager (Male) |
| 13:32 | Create | Archer |
| 13:41 | Build | Farm |
| 13:43 | Create | Villager (Male) |
| 13:53 | Build | House |
| 13:56 | Build | Palisade Wall |
| 14:01 | Build | Palisade Wall |
| 14:17 | Create | Villager (Male) |
| 14:18 | Create | Archer |
| 14:32 | Build | Farm |
| 14:35 | Build | Farm |
| 14:37 | Build | Farm |
| 14:42 | Build | House |
| 14:44 | Build | Palisade Wall |
| 14:49 | Build | Palisade Wall |
| 14:54 | Build | Palisade Wall |
| 14:57 | Build | Palisade Wall |
| 15:11 | Create | Villager (Male) |
| 15:13 | Build | Farm |
| 15:30 | Create | Villager (Male) |
| 15:37 | Build | House |
| 15:37 | Build | Palisade Wall |
| 15:55 | Build | House |
| 15:57 | Create | Villager (Male) |
| 15:59 | Build | Farm |
| 16:16 | Build | Farm |
| 16:20 | Create | Villager (Male) |
| 16:45 | Research | Castle Age |
| 16:45 | Research | Castle Age |
| 17:00 | Build | Lumber Camp |
| 17:04 | Research | Padded Archer Armor |
| 17:06 | Research | Fletching |
| 17:10 | Create | Archer |
| 17:10 | Create | Archer |
| 17:36 | Research | Padded Archer Armor |
| 17:37 | Create | Archer |
| 17:37 | Create | Archer |
| 17:47 | Build | Archery Range |
| 18:06 | Create | Villager (Male) |
| 18:10 | Research | Gold Mining |
| 18:10 | Research | Gold Mining |
| 18:16 | Build | Palisade Gate |
| 18:29 | Create | Archer |
| 18:37 | Create | Archer |
| 18:38 | Create | Archer |
| 19:10 | Age | Castle Age |
| 19:11 | Research | Crossbowman (upgrade) |
| 19:11 | Research | Crossbowman (upgrade) |
| 19:17 | Build | Town Center |
| 19:25 | Create | Villager (Male) |
| 19:25 | Create | Villager (Male) |
| 19:26 | Create | Villager (Male) |
| 19:42 | Create | Villager (Male) |
| 20:04 | Create | Villager (Male) |
| 20:12 | Build | Town Center |
| 20:20 | Create | Villager (Male) |
| 20:31 | Build | Farm |
| 20:33 | Build | Farm |
| 20:36 | Create | Villager (Male) |
| 20:36 | Create | Villager (Male) |
| 20:43 | Create | Archer |
| 20:43 | Create | Archer |
| 21:00 | Create | Villager (Male) |
| 21:11 | Create | Villager (Male) |
| 21:30 | Create | Archer |
| 21:31 | Create | Villager (Male) |
| 21:31 | Create | Villager (Male) |
| 21:32 | Create | Archer |
| 21:32 | Create | Archer |
| 21:49 | Create | Villager (Male) |
| 21:49 | Create | Villager (Male) |
| 21:52 | Build | Farm |
| 22:02 | Build | Farm |
| 22:03 | Create | Villager (Male) |
| 22:03 | Create | Villager (Male) |
Match timeline
| 4:36 | DGHIR | chanchilaru · first_building Barracks |
| 5:50 | DGHIR | chanchilaru · wall_segment Palisade Wall x1 |
| 5:50 | DGHIR | chanchilaru · wall_segment Palisade Wall x1 |
| 6:13 | DGHIR | chanchilaru · wall_segment Palisade Wall x1 |
| 6:16 | DGHIR | chanchilaru · wall_segment Palisade Wall x1 |
| 7:24 | DGHIR | chanchilaru · wall_segment Palisade Wall x5 |
| 7:32 | koteshii · first_building Barracks |
| 7:38 | koteshii · wall_segment Palisade Wall x1 |
| 7:39 | koteshii · wall_segment Palisade Wall x1 |
| 7:39 | koteshii · wall_segment Palisade Wall x1 |
| 7:39 | koteshii · wall_segment Palisade Wall x1 |
| 7:40 | koteshii · wall_segment Palisade Wall x1 |
| 7:45 | koteshii · wall_segment Palisade Wall x1 |
| 7:45 | koteshii · wall_segment Palisade Wall x1 |
| 8:01 | koteshii · age_up feudal |
| 8:15 | DGHIR | chanchilaru · wall_segment Palisade Wall x7 |
| 8:18 | DGHIR | chanchilaru · wall_segment Palisade Wall x6 |
| 8:31 | koteshii · first_building Archery Range |
| 8:36 | DGHIR | chanchilaru · wall_segment Palisade Wall x10 |
| 9:01 | koteshii · wall_segment Palisade Wall x1 |
| 9:14 | DGHIR | chanchilaru · wall_segment Palisade Wall x8 |
| 10:05 | DGHIR | chanchilaru · wall_segment Palisade Wall x17 |
| 10:50 | DGHIR | chanchilaru · wall_segment Palisade Wall x5 |
| 12:17 | DGHIR | chanchilaru · age_up feudal |
| 12:38 | DGHIR | chanchilaru · wall_segment Palisade Wall x2 |
| 13:56 | koteshii · wall_segment Palisade Wall x8 |
| 14:01 | koteshii · wall_segment Palisade Wall x10 |
| 14:44 | koteshii · wall_segment Palisade Wall x3 |
| 14:49 | koteshii · wall_segment Palisade Wall x6 |
| 14:54 | koteshii · wall_segment Palisade Wall x6 |
| 14:57 | koteshii · wall_segment Palisade Wall x1 |
| 15:30 | DGHIR | chanchilaru · first_market_buy 100 food |
| 15:37 | koteshii · wall_segment Palisade Wall x1 |
| 17:30 | DGHIR | chanchilaru · first_building Stable |
| 18:20 | DGHIR | chanchilaru · age_up castle |
| 18:22 | DGHIR | chanchilaru · first_building Castle |
| 19:10 | koteshii · age_up castle |
| 21:49 | DGHIR | chanchilaru · first_building Monastery |
| 21:56 | DGHIR | chanchilaru · wall_segment Palisade Wall x1 |
| 22:38 | DGHIR | chanchilaru · first_market_sell 100 stone |
| 23:16 | DGHIR | chanchilaru · first_building Siege Workshop |
| 25:52 | koteshii · wall_segment Palisade Wall x1 |
| 25:55 | koteshii · wall_segment Palisade Wall x2 |
| 25:57 | koteshii · wall_segment Palisade Wall x1 |
| 28:39 | koteshii · first_building Siege Workshop |
| 31:49 | koteshii · resign |
[ AI ANALYSIS · 1 CREDIT ]
What really happened in this match?
Wolo.gg analyzes every decision: build order, eco, micro, common mistakes by bracket. Personalized analysis on WhatsApp or Discord in 30 seconds.
Civ guide
Burmese
Perfil
Jugador #557273